 Dungeon Crawl Stone Soup version 0.30.2 (webtiles) character file.

Game seed: 6286219888829270069

4426 porpoise the Skirmisher (level 10, -5/81 HPs)
             Began as a Minotaur Hunter on Feb 29, 2024.
             Was a Believer of Hepliaklqana.
             Slain by a death yak (16 damage)
             ... on level 6 of the Dungeon.
             The game lasted 00:21:07 (7610 turns).

porpoise the Skirmisher (Minotaur Hunter)           Turns: 7610, Time: 00:21:08

Health: -5/81      AC:  5    Str: 22    XL:     10   Next: 14%
Magic:  11/11      EV: 14    Int:  6    God:    Hepliaklqana [**....]
Gold:   540        SH:  0    Dex: 18    Spells: 9/9 levels left

rFire   + . .        a - +0 shortbow (freeze)
rCold   + . .        (shield currently unavailable)
rNeg    . . .        K - +2 robe {rC+ rF+}
rPois   +            (helmet restricted)
rElec   .            J - +0 cloak
rCorr   .            (no gloves)
SInv    .            (no boots)
Will    .....        F - amulet of the acrobat
Stlth   ++           q - ring of poison resistance
HPRegen 0.33/turn    C - +6 ring of strength
MPRegen 0.12/turn

%: acrobat
@: no status effects
A: reduced essence, horns 2, retaliatory headbutt
a: Renounce Religion, Recall Ancestor, Ancestor Identity


You were on level 6 of the Dungeon.
You worshipped Hepliaklqana.
Hepliaklqana was pleased with you.
You visited 2 branches of the dungeon, and saw 9 of its levels.

You collected 540 gold pieces.

Inventory:

Hand Weapons
 a - a +0 shortbow of freezing (weapon)
 b - a +2 dagger of draining
 n - a +1 long sword of draining
 L - the +1 mace "Ultimatum" {drain, Dex+3}
   (You found it on level 6 of the Dungeon)

   Dex:       It affects your dexterity (+3).
 M - a +0 broad axe
Missiles
 B - 25 poisoned darts
 R - 2 boomerangs
Armour
 x - an orb of wrath
 y - a scarf of harm
 J - a +0 cloak (worn)
 K - a +2 robe of resistance (worn)
Jewellery
 m - a ring of magical power
 q - a ring of poison resistance (left hand)
 u - a ring of wizardry
 C - a +6 ring of strength (right hand)
 F - an amulet of the acrobat (around neck)
 H - a +5 ring of evasion
 Q - a ring of ice
Wands
 v - a wand of polymorph (9)
 E - a wand of acid (12)
 N - a wand of flame (13)
Scrolls
 c - a scroll of poison {unknown}
 d - 4 scrolls of amnesia
 e - a scroll of enchant armour
 f - a scroll of silence {unknown}
 h - a scroll of fog {unknown}
 i - a scroll of fear
 j - a scroll of magic mapping {unknown}
 l - 5 scrolls of immolation
 p - a scroll of teleportation {unknown}
 t - 4 scrolls of vulnerability
 A - 2 scrolls of blinking
 I - a scroll of noise {unknown}
Potions
 g - a potion of mutation
 k - 2 potions of curing
 o - 2 potions of lignification
 r - 3 potions of might
 s - a potion of resistance
 w - 4 potions of flight
 z - 2 potions of attraction {unknown}
 D - a potion of haste
 G - 3 potions of brilliance
 O - a potion of cancellation {unknown}
 P - a potion of berserk rage


   Skills:
 - Level 9.0 Fighting
 * Level 13.4 Ranged Weapons
 + Level 4.8 Dodging
 - Level 0.7 Stealth
 + Level 3.7 Invocations


You had 9 spell levels left.
You didn't know any spells.
Your spell library contained the following spells:

 Spells                   Type           Power      Damage    Failure   Level
 Kiss of Death            Conj/Necr      0%         2d5       45%         1
 Blink                    Tloc           0%         N/A       58%         2
 Lesser Beckoning         Tloc           0%         N/A       58%         2
 Momentum Strike          Conj/Tloc      0%         3d8       58%         2
 Poisonous Vapours        Pois/Air       0%         N/A       58%         2
 Confusing Touch          Hex            0%         N/A       83%         3
 Gell's Gravitas          Tloc           0%         N/A       83%         3
 Mephitic Cloud           Conj/Pois/Air  0%         N/A       83%         3
 Teleport Other           Tloc           0%         N/A       83%         3
 Dispel Undead            Necr           0%         3d6       99%         4
 Freezing Cloud           Conj/Ice/Air   0%         6-21      100%        5
 Dispersal                Tloc           0%         N/A       100%        6


Dungeon Overview and Level Annotations

Branches:
Dungeon (8/15)             Temple (1/1) D:4
   Lair: D:8-11

Altars:
Elyvilon
Gozag
Hepliaklqana
Okawaru
Qazlal
Sif Muna
Trog
Wu Jian

Shops:
D:2 (   D:4 :

Annotations:
D:6 3 runed translucent doors | dig, porpoise's ghost, novice MiHu


Innate Abilities, Weirdness & Mutations

Your life essence is reduced to manifest your ancestor. (-10% HP)
You have a pair of horns on your head.
You reflexively headbutt those who attack you in melee.


Message History

You start resting.
Nikki emerges from the mists of memory!
You start resting.
HP restored.
You swap places.
There is a stone staircase leading down here.
You climb downwards.
The death yak gores you!
There is a stone staircase leading up, spattered with blood here.
The death yak misses you. You furiously retaliate!
You headbutt the death yak.
You climb upwards.
Level annotation: 3 runed translucent doors | dig, porpoise's ghost, novice MiHu
There is a stone staircase leading down here.
You shoot an arrow.
The arrow hits the death yak but does no damage.
The death yak is lightly wounded.
The death yak gores you!!
You shoot an arrow. The arrow hits the death yak.
The arrow freezes the death yak.
The death yak is lightly wounded.
The death yak barely misses you.
You shoot an arrow. The arrow hits the death yak.
The arrow freezes the death yak.
The death yak is lightly wounded.
Nikki closely misses the death yak.
The death yak gores you!!
* * * LOW HITPOINT WARNING * * *
You are too injured to fight recklessly!
You shoot an arrow. The arrow hits the death yak!
The arrow freezes the death yak.
The death yak is moderately wounded.
The death yak gores you.
* * * LOW HITPOINT WARNING * * *
You shoot an arrow.
The arrow hits the death yak but does no damage.
The death yak is moderately wounded.
Nikki hits the death yak with a +0 flail!
You shoot an arrow.
The arrow hits the death yak but does no damage.
The death yak is heavily wounded.
The death yak gores you!
You die...

######## ##......##
##........## #..........#
#..........# #.......[..#
#.......R@.# #####
#........Y.###########....
##........................
#..........###########....
####..........###########....
#............................
###............[#############
#######...........#.<##
.....##....^.....###[.##


You could see the friendly Nikki the knight and a death yak (ally target).

Vanquished Creatures
  4 humans (D:7)
  A water moccasin (D:5)
  Edmund (D:4)
  An orc warrior (D:5)
  A black bear (D:6)
  2 sky beasts
  An ogre (D:4)
  A centaur (D:7)
  A phantom (D:4)
  A kobold brigand (D:8)
  4 bullfrogs
  A gnoll sergeant (D:6)
  7 scorpions
  Dowan (D:6)
  11 killer bees
  4 jellies
  4 hounds (D:5)
  Crazy Yiuf (D:5)
  2 iguanas
  2 sleepcaps
  A hell rat (D:8)
  4 orc wizards
  4 adders
  3 gnolls (D:5)
  A white imp (D:5)
  An ufetubus (D:5)
  A worm (D:3)
  2 dart slugs
  12 orcs
  8 ball pythons
  2 endoplasms
  3 giant cockroaches
  12 goblins
  4 hobgoblins
  7 jackals
  4 quokkas
  8 bats
  3 frilled lizards (D:1)
  18 kobolds
  4 rats
153 creatures vanquished.

Vanquished Creatures (collateral kills)
  Joseph (D:8)
  Menkaure (D:6)
  Duvessa (D:6)
  A phantom (D:6)
  Blork the orc (D:5)
  A kobold brigand (D:7)
  A bullfrog (D:6)
  A scorpion (D:5)
  A wight (D:6)
  3 killer bees
  An orc priest (D:7)
  2 orc wizards (D:7)
  An adder (D:6)
  2 orcs (D:6)
  2 kobolds (D:8)
20 creatures vanquished.

Vanquished Creatures (others)
  2 knights
  4 ancestors
6 creatures vanquished.

Grand Total: 179 creatures vanquished

Notes
Turn   | Place    | Note
-------+----------+-------------------------------------------
     0 | D:1      | porpoise the Minotaur Hunter began the quest for the Orb.
     0 | D:1      | Reached XP level 1. HP: 18/18 MP: 0/0
    62 | D:1      | Found a faded altar of an unknown god.
    97 | D:1      | Reached XP level 2. HP: 25/25 MP: 1/1
   378 | D:1      | Reached skill level 5 in Ranged Weapons
   869 | D:2      | Reached XP level 3. HP: 22/31 MP: 2/2
   958 | D:2      | Found Resatsem's Antique Weapon Shop.
  1647 | D:3      | Reached XP level 4. HP: 35/38 MP: 3/3
  1761 | D:4      | Found an opulent altar of Gozag.
  1833 | D:4      | Found a staircase to the Ecumenical Temple.
  1836 | D:4      | Noticed a scorpion
  1852 | D:4      | Killed a scorpion
  1853 | D:4      | Reached skill level 6 in Ranged Weapons
  1996 | Temple   | Entered the Ecumenical Temple
  2018 | Temple   | Became a worshipper of Hepliaklqana the Forgotten
  2088 | D:4      | Found Itu Apak's Book Boutique.
  2148 | D:4      | Noticed Edmund
  2165 | D:4      | Killed Edmund
  2166 | D:4      | Reached XP level 5. HP: 20/47 MP: 4/4
  2294 | D:4      | Noticed an ogre
  2296 | D:4      | Reached skill level 7 in Ranged Weapons
  2306 | D:4      | Killed an ogre
  2307 | D:4      | Reached skill level 5 in Fighting
  2307 | D:4      | Reached XP level 6. HP: 28/56 MP: 5/5
  2687 | D:4      | Reached skill level 8 in Ranged Weapons
  2958 | D:4      | Reached XP level 7. HP: 27/62 MP: 6/6
  3260 | D:5      | Entered Level 5 of the Dungeon
  3311 | D:5      | Found a bloodstained altar of Trog.
  3394 | D:5      | Reached skill level 9 in Ranged Weapons
  3506 | D:5      | Reached * piety under Hepliaklqana
  3847 | D:5      | Reached XP level 8. HP: 63/63 MP: 7/7
  4412 | D:5      | Found a white marble altar of Elyvilon.
  4592 | D:5      | Found a runed translucent door.
  4593 | D:5      | Noticed Crazy Yiuf
  4601 | D:5      | Killed Crazy Yiuf
  4602 | D:5      | Reached skill level 10 in Ranged Weapons
  4651 | D:6      | Noticed Duvessa
  4658 | D:6      | Noticed Dowan
  4837 | D:6      | Killed Duvessa
  4844 | D:6      | Killed Dowan
  4977 | D:6      | Identified the +1 mace "Ultimatum" {drain, Dex+3}
  5006 | D:6      | Found a runed translucent gate.
  5006 | D:6      | Found a runed translucent gate.
  5006 | D:6      | Found a runed translucent gate.
  5008 | D:6      | Noticed porpoise's ghost (novice MiHu)
  5074 | D:6      | Noticed Menkaure
  5080 | D:6      | Killed Menkaure
  5081 | D:6      | Reached skill level 11 in Ranged Weapons
  5223 | D:6      | Noticed Blork the orc
  5309 | D:5      | Reached XP level 9. HP: 14/73 MP: 8/8
  5534 | D:5      | Killed Blork the orc
  5821 | D:6      | Reached skill level 12 in Ranged Weapons
  6001 | D:6      | Found a shimmering blue altar of Sif Muna.
  6168 | D:7      | Reached skill level 1 in Invocations
  6197 | D:7      | Found a stormy altar of Qazlal.
  6215 | D:7      | Reached ** piety under Hepliaklqana
  6216 | D:7      | Remembered your ancestor Nikki as a knight
  6822 | D:7      | Reached skill level 13 in Ranged Weapons
  7120 | D:8      | Reached XP level 10. HP: 71/81 MP: 11/11
  7149 | D:8      | Noticed Joseph
  7214 | D:8      | Killed Joseph
  7340 | D:8      | Noticed a death yak
  7343 | D:8      | Noticed a death yak
  7365 | D:8      | Noticed a death yak
  7610 | D:6      | Slain by a death yak

Illustrated notes

Levels and vault maps discovered:
D:1:      lightli_arrival_farm, layout_basic, basic_ecumenical_altar
D:2:      layout_rooms, serial_shops, shop, minmay_indecisive_spiral
D:3:      layout_rooms
D:4:      layout_gridville, lemuel_crystal_altar,
          minmay_temple_entry_statues_pillars, serial_shops, shop, minivault_23,
          grunt_decor_mini_mirrors, minmay_ogre_servants, uniq_edmund
D:5:      layout_loops_corners, marbit_many_paths,
          mainiacjoe_overflow_small_starburst, uniq_crazy_yiuf_cottage
D:6:      layout_rooms, nicolae_sif_muna_little_library,
          gammafunk_ghost_nasty_kobolds, sword_in_stone, uniq_duvessa,
          uniq_menkaure
D:7:      layout_gridville, nicolae_qazlal_style_of_elements,
          hangedman_decor_lopped, eino_small_chamber_without_monster,
          minmay_ruffians
D:8:      layout_loops_ring, lemuel_doored_altar, dpeg_lair_monsters,
          serial_bayou_pond_c, uniq_psyche, uniq_joseph
Temple:   dpeg_chambers_temple

Skill      XL: |  1  2  3  4  5  6  7  8  9 |
---------------+----------------------------+-----
Ranged Weapons | 5 6 7 8 9 11 13 | 13.4
Fighting       | 3 4 5 6 8 9 |  9.0
Invocations    | 3 |  3.7
Dodging        | 4 |  4.8
Stealth        | |  0.7

Action                     |  1- 3 |  4- 6 |  7- 9 | 10-12 || total
---------------------------+-------+-------+-------+-------++-------
  Melee: Dagger            |       |     9 |    16 |    10 ||    35
         Headbutt          |       |     1 |     6 |     2 ||     9
         Punch             |       |       |     1 |       ||     1
   Fire: Shortbow          |   129 |   107 |   370 |    43 ||   649
 Invoke: Ancestor Identity |       |       |     1 |       ||     1
         Recall Ancestor   |       |       |     1 |     1 ||     2
         Ancestor Life: Kn |       |       |     1 |       ||     1
    Use: Scroll            |     7 |     5 |     3 |       ||    15
         Potion            |       |       |     3 |       ||     3
 Armour: Leather armour    |    15 |    15 |    21 |       ||    51
         Robe              |     7 |       |    19 |     9 ||    35
  Dodge: Dodged            |    41 |    35 |   125 |    20 ||   221
